 Dungeon Crawl Stone Soup version 0.30-a0-1160-g6e42c06551 (webtiles) character file.

Game seed: 7836599422883144012

106 qeuew the Digger (level 4, -10/25 HPs)
             Began as a Gargoyle Earth Elementalist on Apr 25, 2023.
             Mangled by Edmund
             ... wielding a +4 dire flail of protection
              (15 damage)
             ... on level 4 of the Dungeon.
             The game lasted 00:04:52 (3655 turns).

qeuew the Digger (Gargoyle Earth Elementalist)      Turns: 3655, Time: 00:04:52

Health: -10/25     AC:  9    Str: 13    XL:     4   Next: 84%
Magic:  2/7        EV: 12    Int: 16    God:
Gold:   187        SH:  0    Dex: 10    Spells: 3/7 levels left

rFire   . . .        e - +0 flail (protect)
rCold   . . .        (no shield)
rNeg    + . .        a - +0 robe
rPois   ∞            (no helmet)
rElec   +            (no cloak)
rCorr   .            (no gloves)
SInv    .            (no boots)
Will    .....        (no amulet)
Stlth   ++           j - +4 ring of protection
HPRegen 0.24/turn    (no ring)
MPRegen 0.10/turn

%: no passive effects
@: no status effects
A: sickness immunity, AC +3, negative energy resistance 1, electricity
resistance, torment resistance 1, petrification resistance
a: no special abilities


You were on level 4 of the Dungeon.
You visited 1 branch of the dungeon, and saw 4 of its levels.

You collected 187 gold pieces.

Inventory:

Hand Weapons
 e - a +0 flail of protection (weapon)
Armour
 a - a +0 robe (worn)
Jewellery
 j - a +4 ring of protection (left hand)
Wands
 o - a wand of mindburst (17)
Scrolls
 h - a scroll of poison
 i - 3 scrolls of magic mapping
 k - 2 scrolls of amnesia
Potions
 b - a potion of magic


   Skills:
 + Level 1.2 Fighting
 + Level 1.0 Maces & Flails
 * Level 2.2 Armour
 + Level 2.0 Dodging
 - Level 2.1 Stealth
 + Level 2.4 Spellcasting
 + Level 1.0 Conjurations
 - Level 0.7 Transmutations
 * Level 4.3 Earth Magic
 + Level 0.0 Evocations


You had 3 spell levels left.
You knew the following spells:

 Your Spells              Type           Power      Damage    Failure   Level
a - Sandblast             Erth           30%        2d9       3%          1
b - Stone Arrow           Conj/Erth      20%        3d8       21%         3

Your spell library contained the following spells:

 Spells                   Type           Power      Damage    Failure   Level
 Passwall                 Tmut/Erth      8%         N/A       11%         2
 Summon Guardian Golem    Hex/Summ       1%         N/A       52%         3
 Vhi's Electric Charge    Tloc/Air       2%         N/A       52%         3
 Petrify                  Tmut/Erth      10%        N/A       56%         4
 Arcjolt                  Conj/Air       1%         1d11      99%         5
 Plasma Beam              Fire/Air       0%         2x1d11    100%        6
 Orb of Destruction       Conj           2%         9d5       100%        7
 Spellforged Servitor     Conj/Summ      1%         N/A       100%        7


Dungeon Overview and Level Annotations

Branches:
Dungeon (4/15)
 Temple: D:4-7

Altars:
Gozag

Annotations:
D:4 Edmund, Menkaure


Innate Abilities, Weirdness & Mutations

You are immune to sickness and miasma.
Your stone body is resilient. (AC +3)
You are immune to poison.
You resist negative energy. (rN+)
You are resistant to electric shocks. (rElec)
You are resistant to unholy torment.
You are immune to petrification.


Message History

Casting: Sandblast (safe; 3% risk of failure)
Confirm with . or Enter, or press ? or * to list all spells.
The spell is extremely dangerous to miscast (21% risk of failure)!
Continue anyway?
Aiming: Stone Arrow (extremely dangerous; 21% risk of failure)
Press: ? - help, Shift-Dir - straight line, f - Edmund
Aim: Edmund, wielding a +4 dire flail of protection and wearing a +0 scale mail (72% to hit)
The stone arrow hits Edmund!
Edmund is moderately wounded.
Casting: Stone Arrow (extremely dangerous; 21% risk of failure)
Confirm with . or Enter, or press ? or * to list all spells.
The spell is extremely dangerous to miscast (21% risk of failure)!
Continue anyway?
Aiming: Stone Arrow (extremely dangerous; 21% risk of failure)
Press: ? - help, Shift-Dir - straight line, f/p - Edmund
Aim: Edmund, wielding a +4 dire flail of protection and wearing a +0 scale mail (moderately wounded, 72% to hit)
The stone arrow hits Edmund but does no damage.
Edmund is moderately wounded.
Unknown command.
Casting: Stone Arrow (extremely dangerous; 21% risk of failure)
Confirm with . or Enter, or press ? or * to list all spells.
Okay, then.
An orc comes into view. It is wielding a +0 hand axe.
Edmund attacks as you move away!
Edmund hits you with a +4 dire flail of protection!
Ouch! That really hurt!
Edmund attacks as you move away!
Edmund hits you with a +4 dire flail of protection!
* * * LOW HITPOINT WARNING * * *
Okay, then.
You feel better.
Edmund hits you with a +4 dire flail of protection!
* * * LOW HITPOINT WARNING * * *
You barely miss Edmund.
Edmund is moderately wounded.
Edmund hits you with a +4 dire flail of protection.
* * * LOW HITPOINT WARNING * * *
You barely miss Edmund.
Edmund is moderately wounded.
Edmund hits you with a +4 dire flail of protection!
Ouch! That really hurt!
You die...

....###.o# ..#
.........# ...
.######.####..#
#...........#
#####.####...
###o## #o...#
#@#..# #@#..#
#<##.# ### ..
... ####


You could see Edmund and 2 orcs.

Vanquished Creatures
  3 adders (D:2)
  A worm (D:3)
  A dart slug (D:2)
  5 orcs
  5 ball pythons
  7 endoplasms
  2 giant cockroaches (D:2)
  6 goblins
  6 hobgoblins
  2 jackals (D:2)
  A quokka (D:1)
  9 bats
  4 frilled lizards
  7 kobolds
  7 rats
66 creatures vanquished.

Notes
Turn   | Place    | Note
-------+----------+-------------------------------------------
     0 | D:1      | qeuew the Gargoyle Earth Elementalist began the quest for
                  | the Orb.
     0 | D:1      | Reached XP level 1. HP: 10/10 MP: 3/3
   285 | D:1      | Reached XP level 2. HP: 16/16 MP: 3/5
   552 | D:1      | Reached skill level 1 in Armour
   915 | D:1      | Reached skill level 4 in Earth Magic
   915 | D:1      | Reached XP level 3. HP: 20/20 MP: 3/6
  1119 | D:1      | Learned a level 3 spell: Stone Arrow
  1763 | D:2      | Reached skill level 1 in Fighting
  1783 | D:2      | Reached XP level 4. HP: 21/25 MP: 3/7
  2245 | D:2      | Found a faded altar of an unknown god.
  2511 | D:3      | Reached skill level 1 in Maces & Flails
  3150 | D:3      | Reached skill level 1 in Conjurations
  3366 | D:3      | Found an opulent altar of Gozag.
  3622 | D:4      | Noticed Edmund
  3622 | D:4      | Noticed Menkaure
  3655 | D:4      | Mangled by Edmund

Illustrated notes

Levels and vault maps discovered:
D:1:      elethiomel_arrival_maze, layout_basic
D:2:      wad_pebble_path, layout_loops_corners, ebering_ecumenical_altar_hall
D:3:      layout_loops_corners, nicolae_gozag_seed_capital,
          minmay_misc_feat_diagonals, patterned_corridor
D:4:      layout_basic, lemuel_mausoleum_altar_kikubaaqudgha,
          minmay_temple_entry_large_hall, minmay_goblin_outpost, uniq_edmund,
          uniq_sigmund, uniq_menkaure

Skill      XL: |  1  2  3  4 |
---------------+-------------+-----
Armour         | 1 2 |  2.2
Earth Magic    | 4 |  4.3
Fighting       | 1 |  1.2
Maces & Flails | 1 |  1.0
Dodging        | 2 |  2.0
Conjurations   | 1 |  1.0
Stealth        | |  2.1
Spellcasting   | |  2.4
Transmutations | |  0.7

Action                     |  1- 3 |  4- 6 || total
---------------------------+-------+-------++-------
  Melee: Club              |    39 |    47 ||    86
         Unarmed           |     8 |       ||     8
         Punch             |     2 |     1 ||     3
         Flail             |       |     4 ||     4
   Cast: Sandblast         |    53 |    37 ||    90
         Stone Arrow       |       |     2 ||     2
    Use: Scroll            |     1 |     9 ||    10
         Potion            |       |     6 ||     6
   Stab: Sleeping          |     1 |     2 ||     3
 Armour: Robe              |    26 |    16 ||    42
  Dodge: Dodged            |    53 |    55 ||   108

Table legend: (Time is in decaauts)
 A = Elapsed time spent in this place.
 B = Non-inter-level travel time spent in this place.
 C = Inter-level travel time spent in this place.
 D = Time resting spent in this place.
 E = Time spent auto-exploring this place.
 F = Levels seen in this place.
 G = Mean time per level.
                   A        B        C        D        E       F      G
               +--------+--------+--------+--------+--------+-----+--------+
         Total |   3703 |   3589 |    114 |     43 |   3061 |   4 |  925.8 |
       Dungeon |   3703 |   3589 |    114 |     43 |   3061 |   4 |  925.8 |
               +--------+--------+--------+--------+--------+-----+--------+

Top non-repeatable levels by time:
     D:2: 1291 daAuts
     D:3: 1203 daAuts
     D:1: 1181 daAuts
     D:4: 25 daAuts
